Map: Odyssey LE

Players

MPereira

  • Race: Terran Terran
  • League: Platinum
  • Spawn Location: 5:00

Whiskydog - Winner!

  • Race: Terran Terran
  • League: Silver
  • Spawn Location: 11:00

VOD

Have the link to the VOD?

Description

Time

  • Played on: June 16, 2017, 10:08 p.m.
  • Length: 21:35
Show
View Real Time Build Order
Export as new Build Order

MPereira Terran 

Build Orders:  

Get SALT Encoding   

  12  0:01  SCV  
  13  0:17  Supply Depot  
  13  0:20  SCV  
  14  0:32  SCV  
  15  0:45  SCV  
  16  0:56  Barracks  
  17  0:57  SCV  
  17  1:09  Supply Depot, SCV  
  18  1:19  Refinery  
  18  1:21  SCV  
  19  1:33  SCV  
  19  1:36  Barracks  
  20  1:55  SCV  
  21  2:05  Bunker  
  21  2:07  Marine, SCV  
  23  2:18  Supply Depot, Refinery  
  23  2:19  SCV  
  24  2:29  Barracks Reactor  
  24  2:31  SCV  
  24  2:32  Marine  
  26  2:46  SCV  
  26  2:50  Barracks, Marine  
  28  3:04  Command Center  
  28  3:11  Marine x2  
  30  3:13  Marine  
  31  3:26  Factory  
  31  3:28  SCV  
  32  3:39  Engineering Bay  
  32  3:41  Marine  
  33  3:42  Marine  
  33  3:44  Marine  
  35  4:01  SCV  
  36  4:10  Engineering Bay  
  36  4:16  Missile Turret  
  36  4:18  Factory Tech Lab, Missile Turret  
  36  4:21  Marine  
  36  4:22  Marine  
  38  4:27  SCV  
  39  4:41  Siege Tank  
  42  4:45  Hi-Sec Auto Tracking  
  42  4:49  Terran Infantry Weapons Level 1  
  42  4:56  Orbital Command  
  42  5:01  SCV  
  42  5:07  Marine  
  43  5:10  Marine  
  43  5:13  SCV  
  46  5:24  Siege Tank  
  46  5:25  SCV  
  50  5:37  SCV  
  50  5:38  Marine x3  
  54  5:45  Marine  
  54  5:49  SCV  
  56  5:54  Supply Depot  
  56  5:55  Supply Depot  
  56  5:56  Marine  
  57  6:01  SCV  
  58  6:10  Missile Turret  
  61  6:11  Siege Tank  
  61  6:14  Missile Turret, SCV  
  62  6:25  Barracks Tech Lab  
  62  6:26  SCV  
  63  6:38  Starport, SCV  
  64  6:42  Starport  
  64  6:50  SCV  
  64  6:52  Command Center  
  65  6:58  Marine x4  
  69  7:02  SCV  
  70  7:12  Stimpack  
  70  7:14  SCV  
  71  7:16  Marine  
  71  7:20  Starport Reactor x2  
  72  7:23  Barracks  
  72  7:27  SCV  
  73  7:44  Siege Tank  
  76  7:46  Marine x2  
  78  7:55  Marine x2  
  80  8:02  Supply Depot x2  
  80  8:04  Supply Depot, Marine x2  
  82  8:05  Supply Depot  
  82  8:06  Supply Depot  
  82  8:07  Supply Depot, SCV  
  82  8:10  Refinery  
  82  8:11  SCV  
  84  8:14  Supply Depot  
  84  8:16  Siege Tank  
  84  8:18  Refinery  
  84  8:19  SCV  
  88  8:24  SCV  
  88  8:27  Marine x4  
  89  8:31  SCV  
  89  8:34  Barracks Tech Lab  
  94  8:36  SCV  
  95  8:43  Medivac x4, SCV  
  95  8:44  Marine  
  95  8:45  Marine  
  95  8:46  Marauder  
  95  8:48  SCV  
  109  8:55  SCV  
  110  9:00  SCV  
  111  9:06  Missile Turret  
  111  9:07  Marauder, Missile Turret, SCV  
  114  9:10  Missile Turret x2  
  114  9:12  SCV  
  114  9:14  Missile Turret  
  115  9:19  Marine, SCV  
  115  9:20  Marine x3  
  120  9:28  Marine, Siege Tank  
  124  9:31  SCV  
  124  9:37  Marine x3  
  124  9:38  Marine  
  129  9:44  SCV  
  130  9:46  Marine  
  131  10:08  Marine x2  
  131  10:09  Marine x3  
  136  10:26  Barracks x2, Marine x5  
  136  10:27  Barracks  
  136  10:28  Barracks x2  
  141  10:31  Refinery  
  141  10:44  Marine x4  
  145  10:50  Command Center, Marine  
  145  10:54  Terran Infantry Armor Level 1  
  146  11:01  Marine  
  146  11:02  Marine x3  
  146  11:03  Armory  
  150  11:06  Armory  
  150  11:08  Marine  
  151  11:19  Marine  
  151  11:20  Marine  
  153  11:29  Marauder  
  153  11:30  Marauder  
  157  11:47  Supply Depot  
  157  11:49  Supply Depot x2  
  157  11:54  Supply Depot  
  157  12:01  Marauder x2, Marine x3  
  164  12:12  Terran Infantry Weapons Level 2  
  164  12:17  Terran Ship Weapons Level 1, Terran Vehicle Weapons Level 1  
  164  12:19  Marine x2  
  164  12:22  Medivac x3  
  170  12:23  Marauder x2  
  149  12:33  Marine  
  149  12:36  Marine  
  149  12:37  Marine  
  150  12:40  Marine x5  
  150  12:44  Marauder, Marine  
  157  12:51  Marine  
  160  12:54  Marine x2  
  160  12:57  Marine  
  160  12:58  Marine x4  
  165  13:01  Marine  
  165  13:05  Marine  
  169  13:09  Marine  
  169  13:12  Marine x2  
  173  13:15  Marine  
  173  13:16  Marine x4  
  173  13:19  Marine  
  179  13:21  Missile Turret  
  179  13:23  Missile Turret, Marine  
  179  13:24  Missile Turret  
  179  13:26  Missile Turret, Marine  
  178  13:30  Marine x2  
  178  13:33  Marine x2  
  178  13:34  Marine x3  
  185  13:37  Marine  
  119  14:00  Marine  
  119  14:01  Marine x9  
  122  14:11  Terran Vehicle And Ship Armor Level 1  
  117  14:18  Marine x2  
  117  14:19  Marine x2  
  113  14:25  Marine  
  113  14:26  Marine x5  
  113  14:34  Refinery  
  113  14:36  Marine x4  
  113  14:37  Refinery  
  113  14:38  SCV  
  114  14:43  Marine  
  114  14:44  Marine x2  
  111  15:06  Siege Tank  
  110  15:09  Marine x2  
  110  15:10  Marine  
  113  15:35  Command Center  
  113  15:38  Siege Tank  
  116  15:55  Marine  
  116  15:56  Marine x6  
  123  16:10  Siege Tank  
  79  16:37  Planetary Fortress  
  69  16:51  Refinery  
  69  16:54  Refinery  
  68  16:58  Marine  
  68  16:59  Marine x9  
  78  17:16  Marine x3  
  78  17:17  Marine x7  
  87  17:34  Marine x7  
  87  17:35  Marine x3  
  97  17:47  Siege Tank  
  100  17:52  Marine x10  
  110  18:09  Marine  
  110  18:10  Marine  
  112  18:15  Marine x2  
  112  18:19  Siege Tank  
  109  19:02  Command Center  
  109  19:03  Marine x10  
  120  19:20  Marine  
  120  19:21  Marine x9  
  71  19:57  Marine  
  71  19:58  Marine x8  
  56  20:15  Marine  
  56  20:16  Marine x2  
  42  20:44  Marine  
  42  20:45  Marine x5  
  47  21:02  Marine x4  
  47  21:03  Marine  
Show
View Real Time Build Order
Export as new Build Order

Whiskydog Terran - Winner!

Build Orders: MMM Bio 

Get SALT Encoding   

  12  0:01  SCV  
  13  0:13  SCV  
  14  0:18  Supply Depot  
  14  0:25  SCV  
  15  0:40  SCV  
  15  0:42  Barracks  
  16  0:52  SCV  
  17  0:59  Refinery  
  17  1:04  SCV  
  18  1:16  SCV  
  19  1:34  Orbital Command  
  19  1:41  Command Center  
  19  1:45  Barracks Reactor  
  19  1:55  Supply Depot  
  19  2:01  SCV  
  20  2:13  SCV  
  20  2:15  Barracks  
  21  2:22  Barracks  
  21  2:25  Factory  
  21  2:35  Marine  
  21  2:36  Marine  
  23  2:39  SCV  
  24  2:51  Refinery, SCV  
  25  2:53  Marine  
  25  2:54  Marine  
  27  3:02  Supply Depot x2  
  27  3:05  Orbital Command  
  27  3:08  SCV  
  28  3:20  SCV  
  28  3:21  Marine x2  
  28  3:23  Barracks Reactor, Barracks Tech Lab  
  31  3:29  Factory Reactor  
  31  3:35  Starport  
  31  3:38  SCV  
  31  3:39  SCV  
  33  3:50  Stimpack  
  33  3:51  Marine  
  33  3:52  Marine x2  
  33  3:55  SCV  
  37  3:57  SCV  
  38  4:13  Marine x4  
  38  4:14  Factory Tech Lab, Marine  
  43  4:21  Supply Depot  
  43  4:25  Supply Depot  
  43  4:28  SCV x2  
  45  4:38  Siege Tank  
  48  4:40  SCV x2  
  48  4:42  Medivac  
  52  4:56  Refinery x2  
  52  4:57  Marine  
  52  4:58  Marine x2  
  56  5:03  Medivac  
  56  5:06  SCV x2  
  59  5:10  Marine  
  60  5:17  Marine x2  
  60  5:18  Marine, SCV  
  64  5:31  SCV x2  
  66  5:37  Engineering Bay  
  66  5:39  Engineering Bay  
  66  5:43  SCV x2  
  66  5:44  Marine x3  
  66  5:45  Marine  
  72  5:51  Combat Shields  
  72  5:54  Marine  
  73  6:06  SCV  
  73  6:07  SCV  
  73  6:09  Supply Depot  
  73  6:11  Supply Depot  
  75  6:13  Marine x3  
  78  6:23  Supply Depot  
  78  6:24  Supply Depot  
  78  6:30  Siege Tank, Medivac, Marine x2, SCV  
  78  6:32  Medivac  
  88  6:34  Marine  
  88  6:35  Marine  
  90  6:53  Marine  
  90  6:54  Marine x2  
  91  6:55  Marine x2  
  91  6:57  Command Center  
  95  7:08  Barracks  
  95  7:09  Barracks  
  95  7:12  Barracks  
  95  7:16  Starport x2  
  95  7:17  Marine  
  95  7:18  Marine x3  
  95  7:20  Marine  
  100  7:28  Medivac x2  
  104  7:34  Siege Tank  
  104  7:35  Terran Infantry Weapons Level 1  
  104  7:36  Terran Infantry Armor Level 1  
  107  7:39  Marine x2  
  107  7:40  Marine x2  
  111  7:52  SCV  
  111  7:53  SCV  
  113  8:04  SCV  
  113  8:05  SCV  
  115  8:06  Siege Tank  
  115  8:08  Barracks Reactor, Marine x2  
  115  8:09  Barracks Reactor  
  115  8:11  Marine x2, Barracks Tech Lab  
  122  8:12  Marine  
  122  8:16  Planetary Fortress  
  123  8:20  SCV  
  123  8:21  SCV  
  123  8:26  Starport Reactor  
  125  8:32  SCV  
  125  8:33  SCV  
  125  8:34  Starport Reactor, Medivac x2  
  127  8:36  Marine x2  
  133  8:46  Marine x2  
  133  8:47  Marauder, Siege Tank  
  140  8:54  Supply Depot  
  140  8:55  Supply Depot  
  140  9:07  SCV x3  
  140  9:09  Marine x2  
  144  9:10  Liberator, Marine x5  
  144  9:11  Marine  
  144  9:14  Marauder  
  153  9:18  Marauder  
  153  9:19  SCV x3  
  153  9:21  Medivac  
  160  9:24  Medivac  
  165  9:37  Supply Depot, Marine x3  
  168  9:39  Supply Depot  
  168  9:41  Marine x2  
  170  9:47  SCV x2  
  170  9:48  SCV  
  173  9:53  Refinery  
  173  9:55  Refinery  
  173  9:59  SCV x2  
  175  10:00  SCV, Armory  
  175  10:05  Fusion Core  
  176  10:11  Concussive Shells  
  176  10:12  Marine x4  
  176  10:13  Marine x4  
  184  10:15  Marauder  
  186  10:36  Command Center  
  186  10:38  Marine x6  
  186  10:39  Marine x2  
  186  10:40  Marauder  
  196  10:47  Supply Depot  
  196  10:49  Supply Depot, Terran Infantry Weapons Level 2  
  196  10:52  Liberator  
  196  10:53  Terran Infantry Armor Level 2  
  199  11:17  SCV  
  200  12:19  Marauder  
  162  12:33  Marine x5  
  162  12:34  Marine x2  
  162  12:35  Marine  
  170  12:43  Liberator x4  
  167  12:44  Liberator  
  167  12:46  Liberator  
  167  12:57  Marine x5  
  172  12:58  Marauder  
  172  12:59  Marauder  
  155  14:01  Marine  
  155  14:02  Marine x6  
  152  14:03  Marauder x2  
  119  14:33  Marine x2  
  119  14:34  Marine x3  
  119  14:35  Marine x2  
  119  14:36  Marine x2  
  119  14:37  Marine  
  129  14:51  Marine x2  
  131  14:56  Marine  
  131  14:57  Marine x5  
  131  14:59  Marauder x2  
  138  15:09  Marine  
  139  15:17  Marine  
  139  15:18  Marine x4  
  139  15:19  Marine x2  
  139  15:20  Marauder x2  
  150  15:22  Liberator x2, SCV  
  150  15:23  Liberator, SCV x3  
  154  15:34  Marine, SCV  
  154  15:35  Marine, SCV  
  157  15:36  Marine  
  157  15:38  Medivac x2  
  157  15:42  Marine x3  
  174  15:43  Marine  
  176  15:50  Marine  
  176  15:51  Marine x3  
  180  16:07  Command Center  
  180  16:08  Refinery  
  180  16:09  Refinery  
  156  16:41  Marine  
  156  16:42  Marine x7  
  156  16:43  Marine  
  156  16:44  Marauder  
  167  16:53  Barracks  
  167  16:54  Barracks x2  
  167  17:25  Liberator x2  
  167  17:35  Marine x6  
  167  17:36  Marauder x2, Marine x2  
  179  17:40  Medivac x2  
  179  17:41  Medivac x2  
  193  17:52  Marine  
  193  17:53  Liberator, Marine  
  193  17:58  Marauder  
  200  18:24  Barracks Reactor  
  200  18:25  Barracks Reactor  
  200  18:26  Barracks Reactor  
  200  18:29  Barracks Tech Lab  
  200  18:32  Barracks Tech Lab  
  142  20:22  Marine  
  142  20:23  Marine x8  
  142  20:24  Marine x2  
  153  20:29  Marine  
Tags
 
Composition
MMM Bio
Matchup
TvT
Race
Terran
Replay Pack
SIII
Spawn Locations
Cross Positions
Add a new tag
Caveats
  • Supply blocks, unpowered buildings, or Contaminate may cause inaccurate times.
  • Supply counts are checked every 10 seconds.